 Dungeon Crawl Stone Soup version 0.19.0-24-gb05acd6 (webtiles) character file.

105 Remedyn the Shield-Bearer (level 5, -3/42 HPs)
             Began as a Formicid Fighter on Nov 21, 2016.
             Slain by loom's ghost (5 damage)
             ... on level 3 of the Dungeon.
             The game lasted 00:04:46 (2482 turns).

Remedyn the Shield-Bearer (Formicid Fighter)        Turns: 2482, Time: 00:04:47

Health: -3/42      AC:  7    Str: 21    XL:     5   Next: 9%
Magic:  5/5        EV:  8    Int:  8    God:
Gold:   128        SH:  9    Dex: 10    Spells: 0 memorised, 4 levels left

rFire  + . .     SeeInvis +     e - +2 war axe (elec)
rCold  . . .     Gourm    .     b - +0 scale mail
rNeg   . . .     Faith    .     c - +0 shield
rPois  .         Spirit   .     (helmet unavailable)
rElec  .         Reflect  .     (no cloak)
rCorr  .         Harm     .     (no gloves)
MR     .....                    (no boots)
Stlth  ..........               (no amulet)
                                (no ring)
                                s - ring of protection from fire

@: no status effects
A: permanent stasis, dig shafts and tunnels, four strong arms, antennae 3
a: Dig, Shaft Self


You were on level 3 of the Dungeon.
You were hungry.

You visited 1 branch of the dungeon, and saw 3 of its levels.

You collected 128 gold pieces.

Inventory:

Hand Weapons
 a - a +0 war axe
 e - a +2 war axe of electrocution (weapon)
Armour
 b - a +0 scale mail (worn)
 c - a +0 shield (worn)
Jewellery
 s - a ring of protection from fire (left hand)
Scrolls
 g - a scroll of recharging
 k - 2 scrolls of teleportation
 l - a scroll of magic mapping
 m - a scroll of remove curse
Potions
 d - a potion of might
 h - a potion of haste {unknown}
 j - 2 potions of degeneration {unknown}
 n - 2 potions of invisibility {unknown}
 p - 2 potions of flight {unknown}
Comestibles
 f - 3 bread rations
 i - 6 fruits
 o - a meat ration
 t - a slice of pizza


   Skills:
 + Level 3.8 Fighting
 * Level 3.5 Axes
 + Level 4.0 Armour
 + Level 4.2 Shields


You had 4 spell levels left.
You didn't know any spells.

Dungeon Overview and Level Annotations

Branches:
Dungeon (3/15)

Altars:

Annotations:
D:3 loom's ghost, amateur GrFi


Innate Abilities, Weirdness & Mutations

You are under a permanent stasis effect.
You can dig through walls and to a lower floor.
Your four strong arms can wield two-handed weapons with a shield.
You have a pair of large antennae on your head. (SInv)


Message History

You are too injured to fight recklessly!
You are too injured to fight recklessly!
You are too injured to fight recklessly!
You are too injured to fight recklessly!
You are too injured to fight recklessly!
You are too injured to fight recklessly!
You are too injured to fight recklessly!
You are too injured to fight recklessly!
You are too injured to fight recklessly!
You are too injured to fight recklessly!
You are too injured to fight recklessly!
You are too injured to fight recklessly!
You are too injured to fight recklessly!
You barely miss loom's ghost.
Loom's ghost is lightly damaged.
Loom's ghost barely misses you.
You barely miss loom's ghost.
Loom's ghost is lightly damaged.
Loom's ghost hits you.
You die...

.# ########### .#
#.........# .#
########.........# .#
#.....##.........# .#
#.....##)........#
.####.....##.........#
....'..........?.....+
.####.....##.....?...#
....########....@W...+
....# #....†.$..#
....# ####.#.####
....# #.#... .(..#
#..... ....# #......
....# #. ...#. ....#
.. ...#.. ....#


You could see loom's ghost.

Vanquished Creatures
  Natasha (D:3)
  A worker ant (D:3)
  An ooze (D:1)
  2 worms (D:2)
  2 dart slugs
  3 leopard geckos
  3 giant cockroaches
  6 goblins
  4 hobgoblins
  2 kobolds (D:1)
  3 ball pythons
  5 bats
  3 frilled lizards
  4 rats
40 creatures vanquished.

Notes
Turn   | Place    | Note
-------+----------+-------------------------------------------
     0 | D:1      | Remedyn the Formicid Fighter began the quest for the Orb.
     0 | D:1      | Reached XP level 1. HP: 18/18 MP: 1/1
    57 | D:1      | Reached XP level 2. HP: 24/24 MP: 2/2
   649 | D:1      | Reached XP level 3. HP: 24/29 MP: 3/3
  1914 | D:2      | Reached XP level 4. HP: 35/35 MP: 4/4
  2458 | D:3      | Noticed Natasha
  2462 | D:3      | Noticed loom's ghost (amateur GrFi)
  2467 | D:3      | Killed Natasha
  2467 | D:3      | Reached XP level 5. HP: 40/42 MP: 5/5
  2480 | D:3      | HP: 2/42 [loom's ghost (14)]
  2482 | D:3      | Slain by loom's ghost

Skill      XL: |  1  2  3  4 |
---------------+-------------+-----
Axes           | 3 |  3.5
Shields        | 4 |  4.2
Armour         | 4 |  4.0
Fighting       | |  3.8

Action                   |  1- 3 |  4- 6 || total
-------------------------+-------+-------++-------
Melee: War axe           |   102 |    52 ||   154
  Use: Scroll            |     3 |     4 ||     7
  Eat: Bread ration      |     1 |       ||     1
Armor: Scale mail        |    31 |    23 ||    54
Dodge: Dodged            |    33 |    21 ||    54
Block: Shield            |    57 |    26 ||    83
